 Dungeon Crawl Stone Soup version 0.30.1-9-gdf580d7c3d (webtiles) character file.

Game seed: 3960798641064196059

370 lonewolfV2 the Trooper (level 6, 0/52 HPs)
             Began as a Demonspawn Fighter on Oct 23, 2023.
             Was an Initiate of Dithmenos.
             Slain by a jelly (3 damage)
             ... on level 4 of the Dungeon.
             The game lasted 00:05:02 (2784 turns).

lonewolfV2 the Trooper (Demonspawn Fighter)         Turns: 2784, Time: 00:05:02

Health: 0/52       AC: -3    Str: 19    XL:     6   Next: 42%
Magic:  6/6        EV:  7    Int:  9    God:    Dithmenos [......]
Gold:   128        SH:  4    Dex: 12    Spells: 5/5 levels left

rFire   . . .        a - +1 war axe
rCold   . . .        c - +0 buckler
rNeg    . . .        i - +0 chain mail
rPois   .            (no helmet)
rElec   .            (no cloak)
rCorr   .            e - +0 pair of gloves
SInv    .            (no boots)
Will    .....        g - amulet of the acrobat Stlth
                     (no ring)
HPRegen 0.28/turn    (no ring)
MPRegen 0.10/turn

%: acrobat
@: corroded
A: molten scales 1, foul stench 1, powered by death 1
a: Renounce Religion


You were on level 4 of the Dungeon.
You worshipped Dithmenos.
Dithmenos was noncommittal.
You visited 2 branches of the dungeon, and saw 5 of its levels.

You collected 128 gold pieces.

Inventory:

Hand Weapons
 a - a +1 war axe (weapon)
Armour
 b - a +0 scale mail
 c - a +0 buckler (worn)
 e - a +0 pair of gloves (worn)
 i - a +0 chain mail (worn)
Jewellery
 g - an amulet of the acrobat (around neck)
 o - an amulet of magic regeneration
Wands
 n - a wand of flame (10)
Scrolls
 h - a scroll of enchant weapon
 m - a scroll of fog
Potions
 d - 2 potions of might
 f - 2 potions of curing
 j - a potion of mutation
 k - a potion of heal wounds
 l - a potion of lignification {unknown}
 p - a potion of cancellation {unknown}
 s - a potion of degeneration {unknown}


   Skills:
 + Level 6.0 Fighting
 - Level 4.0 Axes
 - Level 2.6 Armour
 - Level 2.6 Shields


You had 5 spell levels left.
You didn't know any spells.
Your spell library contained the following spells:

 Spells                   Type           Power      Damage    Failure   Level
 Poisonous Vapours        Pois/Air       0%         N/A       100%        2
 Mephitic Cloud           Conj/Pois/Air  0%         N/A       100%        3
 Freezing Cloud           Conj/Ice/Air   0%         6-21      100%        5


Dungeon Overview and Level Annotations

Branches:
Dungeon (4/15)             Temple (1/1) D:4

Altars:
Ashenzari
Cheibriados
Dithmenos
Fedhas
Gozag
Hepliaklqana
Kikubaaqudgha
Makhleb
Nemelex Xobeh
Okawaru
Qazlal
Ru
Trog
Uskayaw
Vehumet
Wu Jian
Xom

Shops:
D:3 =[[

Annotations:
Temple 2 transporters


Innate Abilities, Weirdness & Mutations

You are partially covered in molten scales. (AC +2)
You may rarely emit foul miasma when damaged in melee.
You regenerate a little health from kills.


Message History

You feel sick.
You are no longer poisoned.
You see here a scorpion corpse.
HP restored.
n - a wand of flame (10)
A jelly is nearby!
A jelly is nearby!
A jelly is nearby!
A jelly is nearby!
The jelly quivers.
The jelly misses you.
You hit the jelly.
Your hands burn!
The jelly is lightly wounded.
You block the jelly's attack.
You hit the jelly.
Your hands burn!
The jelly is heavily wounded.
The jelly hits you but does no damage.
You hit the jelly.
Your hands burn!
The jelly is heavily wounded.
The jelly barely misses you. The jelly hits you. The acid corrodes you!
You are splashed with acid!
You hit the jelly. The acid corrodes you!
Your hands burn!
The jelly is severely wounded.
You block the jelly's attack.
You hit the jelly.
Your hands burn!
The jelly is severely wounded.
The jelly hits you but does no damage.
You hit the jelly but do no damage. The acid corrodes you!
Your hands burn!
The jelly is severely wounded.
You block the jelly's attack. The jelly hits you. The acid corrodes you!
You are splashed with acid.
You hit the jelly.
Your hands burn!
The jelly is almost dead.
The jelly hits you.
You are splashed with acid!
* * * LOW HITPOINT WARNING * * *
You hit the jelly but do no damage.
Your hands burn!
* * * LOW HITPOINT WARNING * * *
The jelly is almost dead.
The jelly hits you.
You die...

#####.#.###
#....>..#
#+#...###.......#
###.##........#
#.#.........#
#.#.#.......#
#...#.......#
+..##......##
#..#.>......##
#..@.........#
#..J.........#
#............# #
##...........# ###.
#...........#
#...####.#........##
#................##
+.##..............#
##.########†...##


You could see a jelly.

Vanquished Creatures
  The ghost of Kranky the Digger, an amateur GnWn (D:4)
  A scorpion (D:4)
  An iguana (D:4)
  6 adders
  A dart slug (D:2)
  2 bats
  2 endoplasms
  2 giant cockroaches
  2 goblins
  A hobgoblin (D:1)
  3 quokkas
  9 ball pythons
  2 frilled lizards
  2 kobolds (D:3)
  4 rats
39 creatures vanquished.

Notes
Turn   | Place    | Note
-------+----------+-------------------------------------------
     0 | D:1      | lonewolfV2 the Demonspawn Fighter began the quest for the
                  | Orb.
     0 | D:1      | Reached XP level 1. HP: 18/18 MP: 1/1
   147 | D:1      | Gained mutation: You may rarely emit foul miasma when
                  | damaged in melee. [demonic ancestry]
   147 | D:1      | Reached XP level 2. HP: 24/24 MP: 2/2
  1708 | D:3      | Reached XP level 3. HP: 22/29 MP: 3/3
  2020 | D:3      | Found Zisi's Armour Boutique.
  2090 | D:3      | Found Mabogec's Jewellery Shoppe.
  2090 | D:3      | Found Fosaahec's Antique Armour Shoppe.
  2251 | D:3      | Reached XP level 4. HP: 34/35 MP: 4/4
  2475 | D:4      | Found a runed translucent door.
  2481 | D:4      | Noticed Kranky's ghost (amateur GnWn)
  2513 | D:4      | Killed Kranky's ghost
  2514 | D:4      | Reached skill level 5 in Fighting
  2514 | D:4      | Gained mutation: You are partially covered in molten
                  | scales. (AC +2) [demonic ancestry]
  2514 | D:4      | Reached XP level 5. HP: 29/44 MP: 5/5
  2514 | D:4      | Gained mutation: You regenerate a little health from kills.
                  | [demonic ancestry]
  2514 | D:4      | Reached XP level 6. HP: 34/51 MP: 6/6
  2662 | D:4      | Found a staircase to the Ecumenical Temple.
  2674 | Temple   | Entered the Ecumenical Temple
  2674 | Temple   | Found a transporter.
  2674 | Temple   | Found a transporter.
  2676 | Temple   | Found a transporter.
  2676 | Temple   | Found a transporter.
  2702 | Temple   | Became a worshipper of Dithmenos the Shadowed
  2731 | D:4      | Reached skill level 6 in Fighting
  2784 | D:4      | Slain by a jelly

Illustrated notes

Levels and vault maps discovered:
D:1:      dpeg_arrival_orchard, layout_basic, minmay_misc_feat_chi
D:2:      layout_loops_corners, dk_noncrumbling_4
D:3:      layout_rooms, serial_shops, shop, nicolae_shop_statue_plus,
          nicolae_shop_advertising_works [nicolae_subvault_shop_adworks]
D:4:      nicolae_cairo_tiling_very_big, layout_rooms, temple_green,
          ebering_ghost_sewer_d, nrook_campfire, kennysheep_generic_room_5
Temple:   hellmonk_temple_divided_pantheon

Skill      XL: |  1  2  3  4  5  6 |
---------------+-------------------+-----
Axes           | 2 3 4 |  4.0
Fighting       | 5 6 |  6.0
Armour         | |  2.6
Shields        | |  2.6

Action                     |  1- 3 |  4- 6 || total
---------------------------+-------+-------++-------
  Melee: War axe           |    88 |    49 ||   137
    Use: Scroll            |     6 |     4 ||    10
         Potion            |       |     2 ||     2
 Armour: Scale mail        |    14 |       ||    14
         Chain mail        |    37 |    21 ||    58
  Dodge: Dodged            |    83 |    15 ||    98
  Block: Buckler           |    27 |    10 ||    37
